 Dungeon Crawl Stone Soup version 0.29-a0-1047-g7c58e119a4 (webtiles) character file.

Game seed: 5658937594312793146

5 purpskrrrp the Sneak (level 1, 1/1 (12) HPs)
             Began as a Gargoyle Brigand on Aug 16, 2022.
             Tarried too long and was consumed by Zot
             ... on level 1 of the Dungeon.
             The game lasted 00:07:45 (8999 turns).

purpskrrrp the Sneak (Gargoyle Brigand)             Turns: 8999, Time: 00:07:45

HP:   1/1 (12)      AC:  5    Str: 14    XL:     1   Next: 80%
MP:   1/1           EV: 11    Int: 11    God:
Gold: 11            SH:  0    Dex: 11    Spells: 0/0 levels left

rFire   . . .      SeeInvis .   a - +2 dagger
rCold   . . .      Faith    .   (no shield)
rNeg    + . .      Spirit   .   b - +0 robe
rPois   ∞          Reflect  .   (no helmet)
rElec   +          Harm     .   c - +0 cloak
rCorr   .          Rampage  .   (no gloves)
Will    .....                   (no boots)
Stlth   ++........              (no amulet)
HPRegen 0.01/turn               (no ring)
MPRegen 0.07/turn               (no ring)

@: extremely drained, bezotted and risking death
A: sickness immunity, AC +2, negative energy resistance 1, electricity
resistance, torment resistance 1, petrification resistance
a: no special abilities


You were on level 1 of the Dungeon.
You visited 1 branch of the dungeon, and saw 1 of its levels.

You collected 11 gold pieces.

Inventory:

Hand Weapons
 a - a +2 dagger (weapon)
Missiles
 d - 9 poisoned darts (quivered)
 e - 3 curare-tipped darts
 h - 4 datura-tipped darts
Armour
 b - a +0 robe (worn)
 c - a +0 cloak (worn)
Scrolls
 f - a scroll of poison {unknown}
Potions
 g - 2 potions of might {unknown}


   Skills:
 + Level 2.3 Fighting
 + Level 1.9 Short Blades
 + Level 1.9 Throwing
 + Level 0.9 Dodging
 + Level 4.4 Stealth


You couldn't memorise any spells.
You didn't know any spells.
Your spell library was empty.

Dungeon Overview and Level Annotations

Branches:
Dungeon (1/15) Zot: 0! You are so drained that the power of Zot will kill you!

Altars:


Innate Abilities, Weirdness & Mutations

You are immune to sickness and miasma.
Your stone body is resilient. (AC +2)
You are immune to poison.
You resist negative energy. (rN+)
You are resistant to electric shocks. (rElec)
You are resistant to unholy torment.
You are immune to petrification.


Message History

You start waiting.
Zot's power touches on you...
You feel drained.
Unknown command.
You have lingered too long.
Zot senses you.
Dive deeper or flee this branch before you perish!
Really rest while Zot is near?
You start waiting.
Done waiting.
Really rest while Zot is near?
You start waiting.
Done waiting.
Really rest while Zot is near?
You start waiting.
Done waiting.
Really rest while Zot is near?
You start waiting.
Done waiting.
Really rest while Zot is near?
You start waiting.
Done waiting.
Zot draws nearer.
Dive deeper or flee this branch before you perish!
Unknown command.
Unknown command.
Really rest while Zot is near?
You start waiting.
Done waiting.
Really rest while Zot is near?
You start waiting.
Done waiting.
Really rest while Zot is near?
You start waiting.
Done waiting.
Really rest while Zot is near?
You start waiting.
Done waiting.
Zot has nearly found you.
Death is approaching.
Descend or flee this branch!
Really rest while Zot is near?
You start waiting.
Zot's will forges a new reality, without you in it.
You die...

##################
#...@........)...#
#....?.############.#
#.##.#.# #.# #
#.#.############.#
#.#.#............####
#.#....#####.........(
#......####....)...##....#
####...##P#........##.##.#
##.##.P#.#......##.....


There were no monsters in sight!

Vanquished Creatures
  A bat (D:1)
  2 goblins (D:1)
  A frilled lizard (D:1)
  A rat (D:1)
5 creatures vanquished.

Notes
Turn   | Place    | Note
-------+----------+-------------------------------------------
     0 | D:1      | purpskrrrp the Gargoyle Brigand began the quest for the
                  | Orb.
     0 | D:1      | Reached XP level 1. HP: 12/12 MP: 1/1
    20 | D:1      | Upgraded the game from 0.29-a0-1043-g569b05d6ff to
                  | 0.29-a0-1047-g7c58e119a4
  4999 | D:1      | Glimpsed the power of Zot.
  5499 | D:1      | Glimpsed the power of Zot.
  5899 | D:1      | Glimpsed the power of Zot.
  5999 | D:1      | Touched by the power of Zot.
  6000 | D:1      | Glimpsed the power of Zot.
  6500 | D:1      | Glimpsed the power of Zot.
  6900 | D:1      | Glimpsed the power of Zot.
  6999 | D:1      | Touched by the power of Zot.
  7000 | D:1      | Glimpsed the power of Zot.
  7500 | D:1      | Glimpsed the power of Zot.
  7900 | D:1      | Glimpsed the power of Zot.
  7999 | D:1      | Touched by the power of Zot.
  8000 | D:1      | Glimpsed the power of Zot.
  8500 | D:1      | Glimpsed the power of Zot.
  8900 | D:1      | Glimpsed the power of Zot.
  8999 | D:1      | Tarried too long and was consumed by Zot

Illustrated notes

Levels and vault maps discovered:
D:1:      minmay_arrival_up_and_down, layout_loops_ring,
          shapermc_ecumenical_altar_hornbeckon, chequers_avenue

Action                   || total
-------------------------++-------
Melee: Dagger            ||     6
 Stab: Sleeping          ||     1
Armor: Robe              ||     1
Dodge: Dodged            ||     3

Table legend: (Time is in decaauts)
 A = Elapsed time spent in this place.
 B = Non-inter-level travel time spent in this place.
 C = Inter-level travel time spent in this place.
 D = Time resting spent in this place.
 E = Time spent auto-exploring this place.
 F = Levels seen in this place.
 G = Mean time per level.
                   A        B        C        D        E       F      G
               +--------+--------+--------+--------+--------+-----+--------+
         Total |   8999 |   8865 |    134 |   8431 |     46 |   1 | 8999.0 |
       Dungeon |   8999 |   8865 |    134 |   8431 |     46 |   1 | 8999.0 |
               +--------+--------+--------+--------+--------+-----+--------+

Top non-repeatable levels by time:
     D:1: 8999 daAuts
